 Dungeon Crawl Stone Soup version 0.29-a0-72-g1732ff48e7 (webtiles) character file.

Game seed: 2190698614339944673

69 gruber the Chiller (level 4, -1/30 HPs)
             Began as a Demonspawn Ice Elementalist on Feb 3, 2022.
             Slain by Sigmund (3 damage)
             ... on level 3 of the Dungeon.
             The game lasted 00:04:10 (2758 turns).

gruber the Chiller (Demonspawn Ice Elementalist)    Turns: 2758, Time: 00:04:11

Health: -1/30      AC:  6    Str:  8    XL:     4   Next: 2%
Magic:  0/8        EV: 17    Int: 18    God:
Gold:   172        SH:  0    Dex: 14    Spells: 4/8 levels left

rFire   . . .      SeeInvis .   e - +0 short sword
rCold   . . .      Faith    .   (no shield)
rNeg    . . .      Spirit   .   a - +0 robe
rPois   .          Reflect  .   f - +1 hat
rElec   .          Harm     .   j - +0 cloak
rCorr   .          Rampage  .   (no gloves)
Will    .....                   (no boots)
Stlth   ++........              (no amulet)
HPRegen 0.10/turn               (no ring)
MPRegen 0.11/turn               (no ring)

@: mighty, agile
A: icy blue scales 1, powered by pain 1, demonic touch 1
a: no special abilities


You were on level 3 of the Dungeon.
You visited 1 branch of the dungeon, and saw 4 of its levels.

You collected 172 gold pieces.

Inventory:

Hand Weapons
 e - a +0 short sword (weapon)
Armour
 a - a +0 robe (worn)
 f - a +1 hat (worn)
 j - a +0 cloak (worn)
Scrolls
 b - a scroll of fog {unknown}
 g - a scroll of holy word {unknown}
 h - 3 scrolls of teleportation {unknown}
 i - a scroll of immolation {unknown}
 m - a scroll of enchant armour {unknown}
 n - a scroll of identify {unknown}
 o - a scroll of fear {unknown}
Potions
 c - a potion of mutation {unknown}
 d - a potion of brilliance {unknown}
 k - a potion of curing {unknown}
 l - a potion of magic {unknown}
 p - 2 potions of lignification {unknown}
 q - a potion of ambrosia {unknown}
 r - a potion of heal wounds {unknown}
 s - a potion of resistance {unknown}


   Skills:
 - Level 1.7 Dodging
 - Level 1.7 Stealth
 + Level 2.9 Spellcasting
 + Level 4.6 Ice Magic


You had 4 spell levels left.
You knew the following spells:

 Your Spells              Type           Power      Damage    Failure   Level
a - Freeze                Ice            76%        1d9       2%          1
b - Frozen Ramparts       Ice            38%        1d5       8%          3

Your spell library contained the following spells:

 Spells                   Type           Power      Damage    Failure   Level
 Ozocubu's Armour         Ice            19%        N/A       8%          3
 Static Discharge         Conj/Air       2%         N/A       26%         2
 Hailstorm                Conj/Ice       10%        3d5       54%         4
 Lightning Bolt           Conj/Air       1%         1d12      99%         5
 Maxwell's Capacitive Co  Air            1%         ∞         100%        8


Dungeon Overview and Level Annotations

Branches:
Dungeon (4/15)
 Temple: D:4-7

Altars:
Kikubaaqudgha

Shops:
D:2 =

Annotations:
D:3 Sigmund


Innate Abilities, Weirdness & Mutations

You are partially covered in icy blue scales. (AC +2)
You sometimes gain a little power by taking damage.
Your touch may inflict minor irresistible damage on your foes.


Message History

You closely miss Sigmund.
Sigmund is severely wounded.
Sigmund resists.
The wall freezes Sigmund.
Sigmund hits you but does no damage.
Unknown command.
Unknown command.
You barely miss Sigmund.
You touch Sigmund.
Sigmund is severely wounded.
The frozen ramparts melt away.
Unknown command.
Unknown command.
You completely miss Sigmund.
Sigmund is severely wounded.
Sigmund gestures wildly while chanting.
Sigmund flickers and vanishes!
Deactivating autopickup; reactivate with Ctrl-A.
Something hits you!
* * * LOW HITPOINT WARNING * * *
You focus on the pain.
You feel agile all of a sudden.
Unknown command.
Unknown command.
Casting: Freeze (safe; 2% risk of failure)
Confirm with . or Enter, or press ? or * to list all spells.
You can't see any susceptible monsters within range! (Use Z to cast anyway.)
Casting: Freeze (safe; 2% risk of failure)
Confirm with . or Enter, or press ? or * to list all spells.
Aiming: Freeze (safe; 2% risk of failure)
Press: ? - help, Shift-Dir - straight line You freeze something.
Unknown command.
Unknown command.
You barely miss something. Something closely misses you.
Unknown command.
Unknown command.
You closely miss something.
You hear some strange, mumbled words.
Something tries to affect you, but you resist.
Unknown command.
You hit something. Your punch misses something. Something hits you.
You die...

#.############### ..
#.# #... .. #{#
#..#####. #.#
#..##.##. #.#
#..#.#.#. #.#
#........ #.#####
######......#.
#...{.###..........##.
#####@##.........####.
#.##..####..## #.
###.##..# #..#####.
#...##..# #......#.
#.####..# ##.......
#.## #..# ###...#.##
#..# #..# #.......##
#######.# #†(#
#.......## ###8#8#8#.#
#..###.....>[##


There were no monsters in sight!

Vanquished Creatures
  An adder (D:2)
  A worm (D:4)
  3 dart slugs (D:2)
  7 ball pythons
  9 endoplasms
  3 goblins (D:2)
  8 hobgoblins
  3 quokkas
  4 bats
  A frilled lizard (D:1)
  A kobold (D:1)
  5 rats
46 creatures vanquished.

Notes
Turn   | Place    | Note
-------+----------+-------------------------------------------
     0 | D:1      | gruber the Demonspawn Ice Elementalist began the quest for
                  | the Orb.
     0 | D:1      | Reached XP level 1. HP: 13/13 MP: 3/3
   496 | D:1      | Reached skill level 4 in Ice Magic
   496 | D:1      | Gained mutation: You sometimes gain a little power by
                  | taking damage. [demonic ancestry]
   496 | D:1      | Reached XP level 2. HP: 19/19 MP: 1/5
  1060 | D:2      | Gained mutation: Your touch may inflict minor irresistible
                  | damage on your foes. [demonic ancestry]
  1060 | D:2      | Reached XP level 3. HP: 20/24 MP: 1/6
  1274 | D:2      | Found an ancient bone altar of Kikubaaqudgha.
  1923 | D:2      | Found Ishur's Jewellery Shoppe.
  2120 | D:3      | Found a faded altar of an unknown god.
  2457 | D:3      | Noticed Sigmund
  2687 | D:3      | Gained mutation: You are partially covered in icy blue
                  | scales. (AC +2) [demonic ancestry]
  2687 | D:3      | Reached XP level 4. HP: 28/30 MP: 5/8
  2735 | D:2      | Learned a level 3 spell: Frozen Ramparts
  2758 | D:3      | Slain by Sigmund

Illustrated notes

Levels and vault maps discovered:
D:1:      tarquinn_simple_flora_water_a, layout_rooms, solitary_fountain
D:2:      layout_basic, basic_altar, serial_shops, shop
D:3:      layout_loops_ring, nicolae_overflow_hidden_temple, zin_angel,
          ebering_ecumenical_altar_hall, uniq_sigmund
D:4:      layout_cave_pools, gammafunk_ghost_stat_death, minmay_surrounded

Skill      XL: |  1 |
---------------+----+-----
Ice Magic      | 4 |  4.6
Dodging        | |  1.7
Stealth        | |  1.7
Spellcasting   | |  2.9

Action                   |  1- 3 |  4- 6 || total
-------------------------+-------+-------++-------
Melee: Short sword       |    60 |     9 ||    69
       Unarmed           |     6 |       ||     6
       Touch             |     8 |     2 ||    10
 Cast: Freeze            |    42 |     7 ||    49
       Frozen Ramparts   |       |     1 ||     1
 Stab: Sleeping          |     2 |       ||     2
Armor: Robe              |    22 |    14 ||    36
Dodge: Dodged            |    61 |    25 ||    86

Table legend: (Time is in decaauts)
 A = Elapsed time spent in this place.
 B = Non-inter-level travel time spent in this place.
 C = Inter-level travel time spent in this place.
 D = Time resting spent in this place.
 E = Time spent auto-exploring this place.
 F = Levels seen in this place.
 G = Mean time per level.
                   A        B        C        D        E       F      G
               +--------+--------+--------+--------+--------+-----+--------+
         Total |   2765 |   2654 |    111 |      4 |   2209 |   4 |  691.2 |
       Dungeon |   2765 |   2654 |    111 |      4 |   2209 |   4 |  691.2 |
               +--------+--------+--------+--------+--------+-----+--------+

Top non-repeatable levels by time:
     D:2: 1245 daAuts
     D:1: 875 daAuts
     D:3: 470 daAuts
     D:4: 173 daAuts
